AoeStats
← 范子豪

Black Forest

507343253Analyzed
2v2 RM · 15d ago on Sep 17, 2026· 45m 15s· 4 players
Game mode
Random Map
Map size
Medium (4 player)
Population
200
Speed
Normal
Resources
Standard
Victory
Conquest
Starting age
Dark Age
Ending age
Imperial Age
RankedLock teamsTeams togetherTeam positionsShared explorationLock speedFull tech treeHidden civsTurbo modeCheats
Victory
Defeat
🇫🇷 Magyars · France
1047
+15
🇫🇷 Wu · France
1038
+15
🇨🇳 Spanish · China
1046
-16
🇨🇴 Turks · Colombia
996
-14
范子豪
0:28 Loom
13:32 Feudal Age
15:18 Double-Bit Axe
15:55 Fishing Lines
18:21 Castle Age
17:21 Horse Collar
20:37 Bow Saw
23:17 Wheelbarrow
28:25 Hand Cart
28:47 Gold Mining
28:56 Gillnets
31:56 Imperial Age
29:12 Town Watch
29:36 Scale Barding Armor
29:41 Forging
29:47 Fortified Wall
29:58 Ballistics
31:20 Chain Barding Armor
31:23 Husbandry
31:41 Bloodlines
31:59 Cavalier
33:02 Supremacy
33:03 Conscription
33:41 Plate Barding Armor
33:42 Iron Casting
33:44 Conscription
33:55 Paladin
38:00 Blast Furnace
38:27 Squires
38:12 Arson
37:48 Pikeman
40:01 Fletching
zamithdaniel
9:12 Loom
11:33 Feudal Age
12:06 Double-Bit Axe
12:05 Horse Collar
17:45 Castle Age
26:24 Stone Mining
26:27 Gold Mining
26:55 Bow Saw
27:11 Heavy Plow
30:41 Wheelbarrow
29:52 Town Watch
32:10 Hand Cart
31:58 Town Patrol
34:37 Imperial Age
34:11 Gold Shaft Mining
34:44 Fortified Wall
34:55 Ballistics
34:38 Padded Archer Armor
34:49 Forging
34:44 Scale Barding Armor
35:55 Bloodlines
35:46 Husbandry
37:33 Artillery
38:19 Leather Archer Armor
38:39 Iron Casting
38:25 Chain Barding Armor
39:45 Conscription
40:18 Elite Janissary
41:37 Ring Archer Armor
42:08 Blast Furnace
Sup01
11:08 Feudal Age
16:07 Castle Age
14:04 Double-Bit Axe
14:32 Horse Collar
23:42 Wheelbarrow
23:53 Heavy Plow
25:11 Gold Mining
26:37 Corvinian Army
27:29 Hand Cart
27:00 Loom
27:36 Bow Saw
27:24 Stone Mining
28:14 Gold Shaft Mining
28:17 Caravan
28:17 Town Watch
32:25 Imperial Age
30:56 Thumb Ring
32:13 Scale Barding Armor
31:59 Fletching
32:10 Padded Archer Armor
33:26 Chain Barding Armor
34:10 Conscription
33:22 Heavy Cavalry Archer
34:30 Parthian Tactics
34:38 Town Patrol
34:37 Bodkin Arrow
36:49 Recurve Bow
36:55 Bracer
37:11 Leather Archer Armor
37:35 Plate Barding Armor
40:12 Chemistry
39:32 Ballistics
39:19 Siege Engineers
39:50 Ring Archer Armor
39:45 Bloodlines
39:36 Husbandry
arterol
13:18 Feudal Age
13:47 Double-Bit Axe
17:55 Castle Age
16:41 Stone Mining
19:00 Bow Saw
18:47 Horse Collar
20:27 Heavy Plow
21:08 Stone Shaft Mining
24:43 Loom
25:46 Wheelbarrow
27:15 Hand Cart
28:39 Caravan
29:41 Ballistics
29:23 Padded Archer Armor
30:44 Red Cliffs Tactics
30:56 Clinker Construction
31:05 Leather Archer Armor
30:41 Fletching
31:11 Gold Mining
35:33 Imperial Age
33:03 Bodkin Arrow
33:12 Scale Mail Armor
33:22 Forging
34:56 Gold Shaft Mining
35:39 Chain Mail Armor
36:00 Iron Casting
37:17 Two-Man Saw
37:19 Conscription
36:19 Elite Fire Archer
37:01 Bracer
38:03 Chemistry
37:50 Plate Mail Armor
37:48 Sitting Tiger
38:57 Blast Furnace
43:00 Scale Barding Armor
43:03 Heavy Hei Guang Cavalry
43:44 Husbandry
43:54 Bloodlines
Connection lost

Rejoining the realm…

Still unreachable

The connection could not be restored.

Session expired

The server has moved on; the page needs a fresh start.